 Dungeon Crawl Stone Soup version 0.24.0-13-gcf9b319 (webtiles) character file.

Game seed: 6283877246119644778, levelgen mode: deterministic

83 Fortress the Conjurer (level 4, -9/33 HPs)
             Began as a Draconian Conjurer on Jan 20, 2020.
             Was an Initiate of Vehumet.
             Mangled by Sigmund
             ... wielding a +0 scythe
              (12 damage)
             ... on level 2 of the Dungeon.
             The game lasted 00:05:26 (1881 turns).

Fortress the Conjurer (Draconian Conjurer)          Turns: 1881, Time: 00:05:27

Health: -9/33      AC:  6    Str: 15    XL:     4   Next: 22%
Magic:  7/7        EV: 12    Int: 17    God:    Vehumet [......]
Gold:   95         SH:  0    Dex: 11    Spells: 4/7 levels left

rFire    . . .     SeeInvis .   f - +3 quarterstaff (chaos)
rCold    . . .     Gourm    .   (shield currently unavailable)
rNeg     . . .     Faith    .   (armour unavailable)
rPois    .         Spirit   .   (helmet restricted)
rElec    .         Reflect  .   g - +0 cloak
rCorr    .         Harm     .   (no gloves)
MR       .....                  (no boots)
Stlth    ++........             (no amulet)
HPRegen  0.11/turn              (no ring)
MPRegen  0.10/turn              (no ring)

@: mighty
A: unfitting armour, cold-blooded, AC +5
a: Renounce Religion


You were on level 2 of the Dungeon.
You worshipped Vehumet.
Vehumet was noncommittal.
You were very hungry.

You visited 1 branch of the dungeon, and saw 2 of its levels.

You collected 95 gold pieces.

Inventory:

Hand Weapons
 f - a +3 quarterstaff of chaos (weapon)
Armour
 g - a +0 cloak (worn)
Scrolls
 c - a scroll of enchant armour {unknown}
 e - a scroll of remove curse {unknown}
Potions
 a - a potion of might
Comestibles
 b - 5 rations


   Skills:
 - Level 0.1 Fighting
   Level 0.1 Short Blades
 - Level 2.3 Dodging
 + Level 1.9 Stealth
 - Level 0.6 Unarmed Combat
 + Level 2.4 Spellcasting
 + Level 5.0 Conjurations


You had 4 spell levels left.
You knew the following spells:

 Your Spells              Type           Power        Failure   Level  Hunger
a - Magic Dart            Conj           ###.         2%          1    #......
b - Searing Ray           Conj           ###...       3%          2    ##.....

Your spell library contained the following spells:

 Spells                   Type           Power        Failure   Level  Hunger
 Dazzling Spray           Conj/Hex       ##....       21%         3    ###....
 Iskenderun's Mystic Bla  Conj           ###.....     22%         4    #####..
 Force Lance              Conj/Tloc      ##......     54%         4    #####..
 Fulminant Prism          Conj/Hex       ##........   54%         4    #####..


Dungeon Overview and Level Annotations

Branches:
Dungeon (2/15)

Altars:
Vehumet

Annotations:
D:2 Sigmund


Innate Abilities, Weirdness & Mutations

Your plain brown scales are hard. (AC +5)
You cannot fit into any form of body armour.
You are cold-blooded and may be slowed by cold attacks.


Message History

The hobgoblin shouts!
You hit the quokka.
You kill the quokka!
Vehumet accepts your kill.
You sock the hobgoblin! You freeze the hobgoblin.
You kill the hobgoblin!
Vehumet accepts your kill.
You hear some strange, mumbled words.
You are confused.
You see here a +0 club.
You're too confused to move!
Something hits you!
You bump into the rock wall.
Something hits you!
You bump into the rock wall.
You bump into the rock wall.
Something hits you!
* * * LOW HITPOINT WARNING * * *
You're too confused to cast spells.
It was a potion of might.
You feel very mighty all of a sudden.
You feel less confused. Something hits you!
You die...

#.###.#............###
#......######.##...#
#####..# ...#
..##..####.# ....
#.##.......# ..
#.##.#####.###. #.##.#
... ♣####.##.# #{#
♣....(...# #@#
......####### #.#
....#.......####.#
...########.....$#
♣### ########


There were no monsters in sight!

Vanquished Creatures
  Crazy Yiuf (D:2)
  2 adders (D:2)
  2 giant cockroaches (D:2)
  4 goblins (D:1)
  7 hobgoblins
  3 jackals (D:1)
  3 kobolds
  2 quokkas (D:2)
  A ball python (D:2)
  4 bats (D:1)
  2 frilled lizards
  4 rats
35 creatures vanquished.

Notes
Turn   | Place    | Note
-------+----------+-------------------------------------------
     0 | D:1      | Fortress the Draconian Conjurer began the quest for the
                  | Orb.
     0 | D:1      | Reached XP level 1. HP: 14/14 MP: 3/3
   273 | D:1      | Reached XP level 2. HP: 20/20 MP: 1/5
  1221 | D:2      | Found a radiant altar of Vehumet.
  1231 | D:2      | Became a worshipper of Vehumet
  1266 | D:2      | Reached XP level 3. HP: 24/26 MP: 0/6
  1578 | D:2      | Found a runed translucent door.
  1582 | D:2      | Learned a level 2 spell: Searing Ray
  1582 | D:2      | Noticed Crazy Yiuf
  1591 | D:2      | Killed Crazy Yiuf
  1591 | D:2      | Reached skill level 5 in Conjurations
  1591 | D:2      | Reached XP level 4. HP: 5/33 MP: 0/7
  1872 | D:2      | Noticed Sigmund
  1881 | D:2      | Mangled by Sigmund

Levels and vault maps discovered:
D:1:      beargit_arrival_greenhouse, layout_loops_ring
D:2:      layout_loops_ring, grunt_temple_overflow_open, lemuel_crystal_altar,
          first_ration, uniq_crazy_yiuf_cottage, uniq_sigmund, uniq_jessica

Skill      XL: |  1  2  3 |
---------------+----------+-----
Dodging        | 2 |  2.3
Conjurations   | 5 |  5.0
Fighting       | |  0.1
Short Blades   | |  0.1
Stealth        | |  1.9
Unarmed Combat | |  0.6
Spellcasting   | |  2.4

Action                   |  1- 3 |  4- 6 || total
-------------------------+-------+-------++-------
Melee: Unarmed           |    55 |       ||    55
       Tailslap          |     4 |       ||     4
       Dagger            |    30 |       ||    30
       Quarterstaff      |       |     2 ||     2
 Cast: Magic Dart        |    53 |       ||    53
       Searing Ray       |     1 |       ||     1
  Use: Potion            |       |     1 ||     1
  Eat: Chunk             |     3 |       ||     3
Armor: Skin              |    23 |       ||    23
Dodge: Dodged            |    61 |     1 ||    62
